Map: Coda LE (Void)

Players

propagare

  • Race: Terran Terran
  • League: Grandmaster

lllllllIIIll - Winner!

  • Race: Protoss Protoss
  • League: Grandmaster

VOD

Have the link to the VOD?

Description

Time

  • Played on: June 1, 2015, 4:34 p.m.
  • Length: 17:42
Show
View Real Time Build Order
Export as new Build Order

propagare Terran 

Build Orders: Cyclone Opening, Fast Cyclone Harassment 

Get SALT Encoding   

  12  0:01  SCV  
  13  0:13  SCV  
  14  0:18  Supply Depot  
  14  0:25  SCV  
  15  0:30  Refinery  
  15  0:40  SCV  
  16  0:48  Barracks  
  16  0:52  SCV  
  17  1:04  SCV  
  18  1:16  SCV  
  19  1:29  SCV  
  20  1:36  Factory  
  20  1:41  Barracks Tech Lab  
  20  1:43  Orbital Command  
  20  1:45  Supply Depot  
  20  2:02  Refinery  
  20  2:08  SCV  
  21  2:20  SCV  
  22  2:31  Cyclone  
  22  2:32  SCV  
  26  2:37  Marine  
  27  2:46  Barracks  
  27  2:48  SCV  
  28  2:55  Marine  
  29  2:58  Supply Depot  
  29  3:01  Supply Depot  
  29  3:08  Command Center  
  29  3:13  SCV  
  29  3:15  Marine  
  31  3:20  Cyclone  
  31  3:26  SCV  
  35  3:33  Marine  
  36  3:52  Cyclone  
  39  4:04  Barracks Tech Lab  
  39  4:07  SCV, Factory  
  40  4:19  SCV, Starport  
  40  4:21  Supply Depot  
  40  4:22  Orbital Command  
  40  4:23  Supply Depot  
  41  4:32  SCV  
  42  4:44  SCV  
  42  4:45  Orbital Command  
  43  4:55  Supply Depot x2  
  43  4:56  SCV  
  38  6:57  Cyclone  
  41  7:10  Cyclone  
  44  7:17  Medivac  
  44  7:19  Command Center  
  46  7:29  Cyclone  
  46  7:42  Cyclone  
  41  8:39  Orbital Command  
  41  8:43  Supply Depot  
  41  8:45  Supply Depot  
  41  8:47  Supply Depot  
  41  8:49  Supply Depot  
  41  8:51  Cyclone x2  
  41  8:52  Supply Depot  
  47  8:59  Supply Depot  
  47  9:23  Cyclone x2  
  43  9:55  Cyclone x2  
  37  13:22  Widow Mine x2  
  37  13:26  Marine x2  
  43  13:43  Marine  
  43  13:44  Marine  
  45  13:51  Widow Mine x2  
  49  14:01  Marine x2  
  21  14:19  Widow Mine x2, Marine  
  21  14:21  Marine  
  27  14:37  Marine  
  28  14:39  Marine  
  22  14:48  Widow Mine x2  
  21  15:17  Cyclone x2  
  27  15:49  Cyclone x2  
  29  16:21  Cyclone x2  
  32  16:40  Marine x2  
  34  16:53  Cyclone  
  37  16:57  Marine  
  37  16:58  Marine  
  39  17:15  Marine x2  
Show
View Real Time Build Order
Export as new Build Order

lllllllIIIll Protoss - Winner!

Build Orders:  

Get SALT Encoding   

  12  0:01  Probe  
  13  0:13  Pylon  
  13  0:18  Probe  
  14  0:31  Probe (Chrono Boost)  
  14  0:35  Gateway  
  15  0:42  Probe (Chrono Boost)  
  16  0:45  Assimilator  
  16  0:51  Probe  
  17  1:03  Probe (Chrono Boost)  
  18  1:06  Pylon  
  18  1:15  Probe (Chrono Boost)  
  19  1:22  Probe (Chrono Boost)  
  20  1:26  Cybernetics Core  
  20  1:32  Probe (Chrono Boost)  
  21  1:44  Probe (Chrono Boost)  
  22  1:51  Probe (Chrono Boost)  
  23  1:58  Nexus  
  23  2:09  Robotics Facility  
  23  2:16  Assimilator  
  23  2:19  Probe (Chrono Boost)  
  24  2:24  Pylon  
  24  2:29  Probe (Chrono Boost)  
  25  2:46  Probe (Chrono Boost)  
  26  2:56  Probe (Chrono Boost), Robotics Bay  
  27  2:58  Gateway  
  27  3:04  Gateway  
  27  3:05  Probe  
  27  3:11  Probe  
  29  3:18  Probe  
  30  3:31  Probe (Chrono Boost)  
  30  3:33  Probe (Chrono Boost)  
  32  3:35  Assimilator  
  32  3:38  Assimilator  
  32  3:43  Probe (Chrono Boost)  
  32  3:48  Probe (Chrono Boost)  
  38  3:51  Probe (Chrono Boost)  
  38  3:52  Disruptor (Chrono Boost)  
  38  3:55  Probe  
  40  3:56  Pylon  
  40  4:00  Probe, Pylon  
  41  4:07  Probe  
  42  4:12  Probe  
  43  4:26  Adept (Chrono Boost)  
  43  4:29  Adept (Chrono Boost)  
  43  4:30  Probe x2  
  51  4:35  Adept (Chrono Boost), Pylon, Warp Gate  
  51  4:36  Pylon  
  51  4:42  Probe  
  51  4:43  Probe  
  57  4:47  Disruptor x2  
  57  4:48  Pylon  
  57  4:56  Disruptor  
  55  5:13  Disruptor  
  53  5:41  Pylon  
  57  5:43  Disruptor (Chrono Boost), Pylon  
  57  5:57  Disruptor  
  57  6:24  Disruptor  
  53  6:54  Disruptor x2  
  57  7:19  Disruptor (Chrono Boost)  
  57  7:21  Robotics Facility  
  57  7:22  Robotics Facility  
  57  7:34  Disruptor  
  57  7:41  Disruptor  
  57  7:45  Disruptor  
  57  7:50  Probe x2  
  63  7:55  Disruptor (Chrono Boost)  
  63  8:02  Probe  
  64  8:06  Disruptor x3  
  68  8:33  Disruptor (Chrono Boost)  
  68  8:34  Disruptor (Chrono Boost)  
  76  8:36  Disruptor (Chrono Boost)  
  76  8:49  Disruptor x2  
  76  9:02  Disruptor x5  
  88  9:06  Nexus  
  88  9:08  Assimilator  
  88  9:09  Disruptor x3 (Chrono Boost)  
  88  9:12  Assimilator  
  88  9:16  Pylon  
  88  9:19  Pylon  
  88  9:22  Pylon  
  88  9:30  Pylon  
  88  9:34  Disruptor  
  88  9:35  Pylon  
  92  9:42  Disruptor  
  92  9:44  Disruptor  
  92  9:46  Disruptor  
  92  9:49  Probe x2 (Chrono Boost)  
  94  9:59  Probe x2 (Chrono Boost)  
  96  10:06  Probe x2  
  98  10:11  Disruptor x10  
  102  10:32  Disruptor (Chrono Boost)  
  102  10:33  Disruptor (Chrono Boost)  
  102  10:35  Disruptor x10  
  102  10:49  Probe x2 (Chrono Boost)  
  96  10:50  Probe (Chrono Boost)  
  96  11:01  Probe (Chrono Boost)  
  96  11:02  Probe (Chrono Boost)  
  96  11:03  Probe (Chrono Boost)  
  99  11:11  Probe x2 (Chrono Boost)  
  101  11:14  Probe (Chrono Boost)  
  102  11:18  Probe x2  
  102  11:24  Probe  
  113  11:26  Disruptor x12  
  113  11:31  Disruptor x4 (Chrono Boost)  
  113  11:34  Stargate  
  113  11:37  Probe x2 (Chrono Boost)  
  113  11:38  Probe (Chrono Boost), Nexus  
  116  11:41  Assimilator  
  116  11:45  Assimilator  
  123  11:47  Probe x3 (Chrono Boost)  
  123  11:48  Disruptor, Pylon  
  123  11:50  Disruptor x13 (Chrono Boost)  
  123  11:53  Pylon  
  123  11:54  Probe x2 (Chrono Boost), Pylon  
  123  11:55  Disruptor  
  123  12:00  Probe (Chrono Boost)  
  124  12:04  Probe (Chrono Boost)  
  124  12:08  Disruptor  
  125  12:13  Disruptor x13  
  127  12:23  Disruptor  
  127  12:24  Disruptor (Chrono Boost)  
  124  12:30  Disruptor x2  
  120  12:56  Disruptor x16  
  110  13:19  Disruptor x3 (Chrono Boost)  
  118  13:28  Disruptor x19  
  118  13:43  Nexus  
  118  13:45  Probe (Chrono Boost)  
  118  13:47  Pylon x2  
  119  13:50  Pylon  
  119  13:51  Pylon  
  119  13:53  Pylon  
  119  13:55  Probe (Chrono Boost)  
  124  14:01  Disruptor  
  124  14:02  Disruptor  
  124  14:06  Disruptor x16  
  116  14:32  Disruptor x16  
  120  14:57  Disruptor x2 (Chrono Boost)  
  120  15:07  Disruptor x12  
  112  15:29  Disruptor x5  
  112  15:33  Disruptor x3 (Chrono Boost)  
  100  15:56  Disruptor x7  
  80  15:58  Disruptor  
  80  16:20  Probe (Chrono Boost)  
  81  16:29  Probe (Chrono Boost)  
  86  16:33  Disruptor x9  
  86  16:37  Probe  
  87  16:40  Disruptor  
  87  16:54  Disruptor x4  
  87  17:00  Nexus  
Tags
 
Add a new tag
Caveats
  • Supply blocks, unpowered buildings, or Contaminate may cause inaccurate times.
  • Supply counts are checked every 10 seconds.